 Dungeon Crawl Stone Soup version 0.30-a0-967-g9b59a09336 (webtiles) character file.

Game seed: 7239610228467795159

30051 Ijustatesigmund the Thaumaturge (level 13, -4/70 HPs)
             Began as a Deep Elf Conjurer on Mar 30, 2023.
             Was the Champion of Cheibriados.
             Slain by a cane toad (7 damage)
             ... while petrified by a basilisk
             ... on level 1 of the Lair of Beasts on Mar 31, 2023.
             The game lasted 00:49:59 (17859 turns).

Ijustatesigmund the Thaumaturge (DECj)             Turns: 17859, Time: 00:50:00

Health: -4/70      AC: 12    Str: 19    XL:     13   Next: 18%
Magic:  18/33      EV:  2    Int: 50    God:    Cheibriados [******]
Gold:   713        SH:  0    Dex: 28    Spells: 29/40 levels left

rFire   . . .      SeeInvis .    O - +3 arbalest (drain)
rCold   . . .      Faith    .    (shield currently unavailable)
rNeg    + + +      Spirit   .    M - +0 acid dragon scales
rPois   ∞          Reflect  .    G - +1 helmet
rElec   .          Rampage  .    s - +1 cloak
rCorr   +                        f - +1 pair of gloves
Will    +....                    (no boots)
Stlth   +++                      (no amulet)
HPRegen 0.31/turn                o - ring of poison resistance
MPRegen 0.23/turn                C - +6 ring of intelligence

@: petrified, very slow
A: no striking features
a: Renounce Religion, Bend Time, Temporal Distortion, Slouch, Step From Time


You were on level 1 of the Lair of Beasts.
You worshipped Cheibriados.
Cheibriados was exalted by your worship.
You visited 3 branches of the dungeon, and saw 16 of its levels.
You also visited: Bailey.

You collected 1195 gold pieces.
You spent 482 gold pieces at shops.

Inventory:

Hand Weapons
 d - a +0 short sword
 g - a +2 longbow of freezing
 N - a +0 heavy sling
 O - a +3 arbalest of draining (weapon)
Missiles
 x - 3 throwing nets
Armour
 a - a +3 leather armour
 f - a +1 pair of gloves (worn)
 s - a +1 cloak (worn)
 G - a +1 helmet (worn)
 M - +0 acid dragon scales (worn)
Magical Staves
 D - a staff of earth
Jewellery
 c - a ring of ice
 j - a ring of flight
 o - a ring of poison resistance (left hand)
 t - a ring of protection from fire
 A - a ring of protection from fire
 C - a +6 ring of intelligence (right hand)
Wands
 h - a wand of light (10)
 k - a wand of roots (19)
 u - a wand of polymorph (10)
 y - a wand of digging (10)
 F - a wand of charming (6)
 Q - a wand of flame (6)
Scrolls
 e - 3 scrolls of fog
 n - 3 scrolls of amnesia
 w - 4 scrolls of teleportation
 B - 3 scrolls of vulnerability
 E - 3 scrolls of magic mapping
 R - a scroll of poison
Potions
 b - 5 potions of magic
 i - a potion of flight
 l - 2 potions of resistance
 m - a potion of invisibility
 p - a potion of attraction
 q - 2 potions of heal wounds
 r - a potion of ambrosia
 v - 7 potions of curing
 z - 2 potions of berserk rage
 H - 2 potions of brilliance
 I - 6 potions of might
 J - a potion of mutation {unknown}
 K - 2 potions of haste {unknown}
 L - a potion of cancellation {unknown}
 S - a potion of lignification {unknown}


   Skills:
 - Level 3.7 Fighting
 + Level 11.2 Ranged Weapons
 - Level 4.5 Dodging
 - Level 2.4 Stealth
 + Level 14.0 Spellcasting
 + Level 10.5 Conjurations
 - Level 6.2 Necromancy
 - Level 7.1 Translocations
 + Level 12.2 Invocations
 - Level 5.7 Evocations


You had 29 spell levels left.
You knew the following spells:

 Your Spells              Type           Power      Damage    Failure   Level
a - Magic Dart            Conj           100%       1d8       0%          1
b - Searing Ray           Conj           100%       2d8       0%          2
c - Iskenderun's Mystic   Conj/Tloc      89%        2d17      1%          4
d - Dispel Undead         Necr           78%        3d26      1%          4

Your spell library contained the following spells:

 Spells                   Type           Power      Damage    Failure   Level
 Slow                     Hex            100%       N/A       1%          1
 Sting                    Tmut/Pois      100%       1d8       1%          1
 Summon Small Mammal      Summ           100%       N/A       1%          1
 Cigotuvi's Dreadful Rot  Necr/Pois/Air  100%       N/A       1%          2
 Ensorcelled Hibernation  Hex/Ice        70%        N/A       1%          2
 Passwall                 Tmut/Erth      29%        N/A       1%          2
 Dazzling Flash           Conj/Hex       100%       N/A       1%          3
 Vampiric Draining        Necr           78%        2d11      1%          3
 Fulminant Prism          Conj/Hex       36%        3d17      1%          4
 Passage of Golubria      Tloc           82%        N/A       1%          4
 Call Canine Familiar     Summ           35%        N/A       2%          3
 Confusing Touch          Hex            35%        N/A       2%          3
 Summon Guardian Golem    Hex/Summ       35%        N/A       2%          3
 Swiftness                Air            35%        N/A       2%          3
 Tukima's Dance           Hex            35%        N/A       2%          3
 Anguish                  Hex/Necr       30%        N/A       2%          4
 Death Channel            Necr           39%        N/A       9%          6
 Yara's Violent Unravell  Hex/Tmut       17%        3d8       22%         5
 Enfeeble                 Hex            17%        N/A       100%        7


Dungeon Overview and Level Annotations

Branches:
Dungeon (13/15)            Temple (1/1) D:4            Lair (2/5) D:10
    Orc (0/2) D:12         Bailey (visited)
  Swamp: Lair:2-3    Shoals: Lair:2-3     Snake: Lair:2-3    Spider: Lair:2-3
 Vaults: D:13-14

Altars:
Ashenzari
Cheibriados
Dithmenos
Elyvilon
Fedhas
Hepliaklqana
Kikubaaqudgha
Makhleb
Nemelex Xobeh
Okawaru
Qazlal
Ru
Sif Muna
Trog
Uskayaw
Vehumet
Wu Jian
Zin
The Shining One

Shops:
D:3 (   D:4 [?!(   D:10 [

Annotations:
D:8 Gastronok


Message History

A basilisk comes into view.
You shoot a bolt. The bolt hits Erica!
Erica is severely wounded.
Erica casts a spell at you. The lance of force hits you!
You are knocked back by the lance of force.
You slam into the rock wall!
A cane toad comes into view.
The cane toad gives a loud, deep croak!
Casting: Iskenderun's Mystic Blast (safe; 1% risk of failure)
Confirm with . or Enter, or press ? or * to list all spells.
You erupt in a blast of force!
The mystic blast hits Erica!
You kill Erica!
Cheibriados appreciates the change of pace.
Casting: Iskenderun's Mystic Blast (safe; 1% risk of failure)
Confirm with . or Enter, or press ? or * to list all spells.
You erupt in a blast of force!
The mystic blast hits the basilisk!
The basilisk is moderately wounded.
The basilisk is knocked back by the mystic blast.
The basilisk slams into the rock wall!
The basilisk is moderately wounded.
The basilisk gazes at you.
You are slowing down.
An elephant comes into view.
The cane toad stings you!
Your limbs are stiffening.
You climb upwards.
You have turned to stone.
The cane toad stings you. The cane toad stings you!
The cane toad stings you but does no damage.
The cane toad stings you!! The cane toad stings you!
The cane toad stings you! x2
* * * LOW HITPOINT WARNING * * *
The cane toad stings you.
* * * LOW HITPOINT WARNING * * *
The cane toad stings you!
* * * LOW HITPOINT WARNING * * *
The cane toad stings you!
* * * LOW HITPOINT WARNING * * *
The cane toad stings you!
You die...

.........###.##...######......###
.........##............#........#
.................................
....................>............
.................................
.................................
................................#
...............................##
................@F......P##....#
#.###.##.####..#####...####...##
#....##### #### #...###....#
####.# #..........## #..#
#...###.....# ##.# ##.## ##...##
#.###### ### #..P# ##.## #
##.##...####.######.## #.####
#...................# ##.....


You could see a cane toad.

Vanquished Creatures
  Fannar (D:11)
  2 two-headed ogres
  Erica (Lair:2)
  4 boulder beetles
  2 death yaks (Lair:1)
  2 tengu warriors (D:11)
  Pikel (D:4)
  A deep elf pyromancer (D:12)
  An oklob plant (Lair:1)
  An orc knight (Bailey)
  An ugly thing (D:12)
  A cyclops (D:12)
  8 elephants (Lair:2)
  A torpor snail (Lair:1)
  2 gargoyles (D:11)
  4 cane toads
  An unseen horror (D:10)
  7 komodo dragons
  A troll (D:10)
  2 polar bears
  2 hornets
  A shadow (D:12)
  5 slime creatures (D:12)
  A wyvern (Lair:2)
  A vampire (D:11)
  A wraith (D:12)
  14 yaks
  4 basilisks
  4 vampire mosquitoes (D:13)
  An acid dragon (D:10)
  10 water moccasins
  4 black bears
  2 ice beasts (D:12)
  A sky beast (D:4)
  5 ogres
  7 orc warriors
  6 wolves
  5 centaurs
  A lemure (D:4)
  A phantom (D:7)
  A kobold brigand (D:7)
  13 bullfrogs
  4 scorpions
  3 gnoll sergeants
  15 killer bees
  5 howler monkeys
  3 electric eels
  An iron imp (D:12)
  Crazy Yiuf (D:3)
  4 hounds
  4 jellies
  5 orc priests
  2 sleepcaps (D:6)
  6 hell rats (Lair:2)
  4 iguanas
  Natasha (twice) (D:2)
  11 orc wizards
  Robin (D:3)
  24 gnolls
  8 adders
  3 ufetubi
  2 worms (D:2)
  A dart slug (D:3)
  69 orcs
  5 ball pythons
  9 endoplasms
  4 giant cockroaches
  18 goblins
  7 hobgoblins
  16 kobolds
  6 quokkas
  5 bats
  2 frilled lizards
  7 rats
  A bush (D:3)
392 creatures vanquished.

Vanquished Creatures (collateral kills)
  A slime creature (D:12)
  3 gnolls (D:12)
4 creatures vanquished.

Vanquished Creatures (others)
  2 slime creatures (D:12)
  A yak (D:12)
  2 orc wizards
  An orc (D:12)
  77 fungi
  54 plants
  3 toadstools (D:12)
140 creatures vanquished.

Grand Total: 536 creatures vanquished

Notes
Turn   | Place    | Note
-------+----------+-------------------------------------------
     0 | D:1      | Ijustatesigmund the Deep Elf Conjurer began the quest for
                  | the Orb.
     0 | D:1      | Reached XP level 1. HP: 10/10 MP: 6/6
   243 | D:1      | Reached XP level 2. HP: 15/15 MP: 3/8
   248 | D:1      | Learned a level 2 spell: Searing Ray
  1029 | D:2      | Reached XP level 3. HP: 19/19 MP: 10/10
  1045 | D:2      | Reached skill level 4 in Spellcasting
  1117 | D:2      | Reached skill level 1 in Ranged Weapons
  1139 | D:2      | Reached skill level 5 in Conjurations
  1248 | D:2      | Noticed Natasha
  1252 | D:2      | Killed Natasha
  1253 | D:2      | Reached XP level 4. HP: 24/24 MP: 6/12
  1392 | D:2      | Learned a level 4 spell: Iskenderun's Mystic Blast
  1691 | D:2      | Noticed Natasha
  1696 | D:2      | Killed Natasha
  1697 | D:2      | Reached skill level 1 in Translocations
  1975 | D:3      | Reached XP level 5. HP: 21/28 MP: 9/14
  2205 | D:3      | Noticed Robin
  2215 | D:3      | Killed Robin
  2226 | D:3      | Reached skill level 5 in Spellcasting
  2336 | D:3      | Found Zeggux's Weapon Emporium.
  2345 | D:3      | Bought a +0 heavy sling for 47 gold pieces
  2613 | D:3      | Found a runed translucent door.
  2614 | D:3      | Noticed Crazy Yiuf
  2624 | D:3      | Killed Crazy Yiuf
  2898 | D:4      | Found Weleups's Magic Scroll Shop.
  2907 | D:4      | Bought a scroll of identify for 22 gold pieces
  2907 | D:4      | Bought a scroll of blinking for 82 gold pieces
  2999 | D:4      | Found a staircase to the Ecumenical Temple.
  3013 | Temple   | Entered the Ecumenical Temple
  3346 | Temple   | Became a worshipper of Cheibriados the Contemplative
  3422 | D:4      | Found Loufair's Antique Armour Boutique.
  3563 | D:4      | Found Juwuses's Weapon Shoppe.
  3701 | D:4      | Noticed a sky beast
  3706 | D:4      | Killed a sky beast
  3707 | D:4      | Reached XP level 6. HP: 32/32 MP: 11/16
  3778 | D:4      | Found Xuadap's Distillery.
  3820 | D:4      | Reached skill level 1 in Invocations
  4025 | D:4      | Found a bloodstained altar of Trog.
  4253 | D:5      | Entered Level 5 of the Dungeon
  4254 | D:5      | Upgraded the game from 0.30-a0-959-g3818848631 to
                  | 0.30-a0-967-g9b59a09336
  4285 | D:5      | Reached XP level 7. HP: 36/36 MP: 12/17
  4400 | D:5      | Reached * piety under Cheibriados
  4425 | D:5      | Noticed Pikel
  4512 | D:4      | Killed Pikel
  4513 | D:4      | Reached skill level 6 in Spellcasting
  4513 | D:4      | Reached skill level 5 in Translocations
  4513 | D:4      | Reached XP level 8. HP: 18/41 MP: 1/20
  5162 | D:5      | Reached skill level 7 in Spellcasting
  5832 | D:5      | Found a shimmering blue altar of Sif Muna.
  5841 | D:5      | Got Sif Muna's Cyclopedia of Transfiguration
  6022 | D:6      | Reached ** piety under Cheibriados
  6376 | D:6      | Reached skill level 1 in Fighting
  7041 | D:6      | Reached skill level 5 in Invocations
  7179 | D:7      | Reached XP level 9. HP: 47/47 MP: 13/22
  7657 | D:7      | Found a hazy altar of Hepliaklqana.
  7835 | D:7      | Found a shadowy altar of Dithmenos.
  8482 | D:8      | Reached *** piety under Cheibriados
  8543 | D:8      | Noticed Gastronok
  8691 | D:7      | Reached skill level 5 in Ranged Weapons
  8973 | D:9      | Learned a level 4 spell: Dispel Undead
  9006 | D:9      | Reached skill level 1 in Necromancy
  9043 | D:9      | Found a flagged portal.
  9060 | Bailey   | Entered a bailey
  9095 | Bailey   | Reached **** piety under Cheibriados
  9100 | Bailey   | Reached skill level 8 in Spellcasting
  9523 | Bailey   | Noticed an orc knight
  9535 | Bailey   | Killed an orc knight
  9536 | Bailey   | Reached XP level 10. HP: 47/56 MP: 12/24
 10180 | D:9      | Reached ***** piety under Cheibriados
 10181 | D:9      | Reached skill level 1 in Evocations
 10373 | D:8      | Reached skill level 9 in Spellcasting
 10480 | D:4      | Bought a +2 longbow of freezing for 331 gold pieces
 10621 | D:9      | Found a glowing golden altar of the Shining One.
 10707 | D:10     | Entered Level 10 of the Dungeon
 10869 | D:10     | Found a hide-covered altar of Uskayaw.
 10880 | D:10     | Found a broken altar of Ashenzari.
 11033 | D:10     | Reached skill level 5 in Necromancy
 11365 | D:10     | Reached skill level 10 in Spellcasting
 11370 | D:10     | Found a staircase to the Lair.
 11505 | D:10     | Reached XP level 11. HP: 57/60 MP: 27/27
 11516 | D:10     | Found Orhalin's Antique Armour Boutique.
 12566 | D:11     | Noticed Fannar
 12584 | D:11     | Killed Fannar
 12698 | D:11     | Reached ****** piety under Cheibriados
 12699 | D:11     | Reached skill level 5 in Evocations
 12884 | D:11     | Noticed a boulder beetle
 13063 | D:11     | Noticed a tengu warrior
 13071 | D:11     | Noticed a tengu warrior
 13075 | D:11     | Killed a tengu warrior
 13076 | D:11     | Reached skill level 11 in Spellcasting
 13077 | D:11     | Killed a tengu warrior
 13251 | D:11     | Noticed a boulder beetle
 13261 | D:11     | Killed a boulder beetle
 13286 | D:11     | Noticed a two-headed ogre
 13295 | D:11     | Killed a two-headed ogre
 13296 | D:11     | Reached skill level 10 in Invocations
 13804 | D:11     | Killed a boulder beetle
 13859 | D:11     | Noticed a boulder beetle
 13873 | D:11     | Killed a boulder beetle
 14316 | D:12     | Found a snail-covered altar of Cheibriados.
 14434 | D:12     | Reached skill level 12 in Spellcasting
 14436 | D:12     | Reached XP level 12. HP: 66/66 MP: 28/30
 14752 | D:12     | Noticed a two-headed ogre
 14761 | D:12     | Killed a two-headed ogre
 14985 | D:12     | Noticed a boulder beetle
 15015 | D:12     | Killed a boulder beetle
 15730 | D:12     | Found a staircase to the Orcish Mines.
 16129 | Lair:1   | Entered Level 1 of the Lair of Beasts
 16151 | Lair:1   | Reached skill level 13 in Spellcasting
 16432 | Lair:1   | Noticed a death yak
 16433 | Lair:1   | Noticed a death yak
 16445 | Lair:1   | Killed a death yak
 16445 | Lair:1   | Killed a death yak
 16446 | Lair:1   | Reached skill level 10 in Ranged Weapons
 17001 | Lair:2   | Reached skill level 10 in Conjurations
 17418 | Lair:2   | Reached XP level 13. HP: 67/70 MP: 14/32
 17841 | Lair:2   | Reached skill level 14 in Spellcasting
 17842 | Lair:2   | Noticed Erica
 17845 | Lair:2   | Killed Erica
 17858 | Lair:1   | HP: 3/70 [cane toad (8)]
 17859 | Lair:1   | Slain by a cane toad

Illustrated notes

Levels and vault maps discovered:
D:1:      dpeg_arrival_leaves_temple_mockup, layout_rooms, serial_forest,
          infiniplex_forest_fountain, infiniplex_forest_lined_3,
          infiniplex_forest_clump_small, infiniplex_forest_clump_small,
          infiniplex_forest_lined_room_3, infiniplex_forest_diagonal
D:2:      layout_rooms, nrook_mini_backslash, uniq_natasha
D:3:      layout_loops_ring, serial_shops, nicolae_shop_bloodbath_and_beyond,
          dreamdust_mushroom_princess, uniq_robin, uniq_crazy_yiuf_cottage
D:4:      layout_loops_corners, lemuel_round_altar,
          minmay_temple_entry_crystal_x, serial_rivers,
          chequers_serial_rivers_room_b, chequers_serial_rivers_micro_e,
          chequers_serial_rivers_micro_d, chequers_serial_rivers_micro_c,
          chequers_serial_rivers_micro_a, serial_shops,
          nicolae_shop_statue_plus, nicolae_shop_temple_entry_statues_fountains,
          nicolae_shop_stone, shop
D:5:      layout_gridville, nicolae_sif_muna_little_library, uniq_pikel
D:6:      layout_cave_pools, chequers_serial_rivers_large_b, lightli_orcish_oven
D:7:      layout_basic, nzn_hepliaklqana_mist_gate,
          mainiacjoe_overflow_small_starburst, minmay_puff
D:8:      layout_basic, jmf_multi_god_temple, xom_teletrap_fun, uniq_gastronok,
          uniq_grum
D:9:      layout_loops_cross, tso_oasis_becter, enter_bailey_3
D:10:     layout_cave_pods, minitemple, due_lair_maze_entry_diamond,
          serial_shops, nicolae_take_the_stairs, hangedman_glass_teeth,
          minmay_misc_feat_diagonals
D:11:     minmay_recursive_quarters, layout_small_grid, uniq_fannar
D:12:     layout_rooms, erik_orc_3, serial_ice, serial_ice_a, serial_ice_d,
          serial_ice_g, serial_ice_k, serial_ice_f, serial_ice_n,
          minmay_gold_behind_fungi, slow_altar_1
D:13:     layout_big_octagon, skrybe_vaults_entry_preservation,
          nicolae_looking_at_the_future
Temple:   minmay_temple_forest_path
Lair:1:   hellmonk_destroyed_diamonds, layout_gridlike, dpeg_stationary_puzzle,
          serial_bayou_shore_a, lemuel_fruit_tree
Lair:2:   layout_roguey, grunt_megastairs_2, uniq_erica

Skill      XL: |  1  2  3  4  5  6  7  8  9 10 11 12 13 |
---------------+----------------------------------------+-----
Spellcasting   | 4 5 6 7 8 10 12 13 14 | 14.0
Ranged Weapons | 1 2 3 5 8 10 11 | 11.2
Conjurations   | 5 6 7 8 10 | 10.5
Translocations | 1 3 4 5 7 |  7.1
Invocations    | 1 3 5 7 9 10 11 12 | 12.2
Fighting       | 1 3 |  3.7
Necromancy     | 3 6 |  6.2
Evocations     | 4 5 |  5.7
Dodging        | 4 |  4.5
Stealth        | |  2.4

Action                     |  1- 3 |  4- 6 |  7- 9 | 10-12 | 13-15 || total
---------------------------+-------+-------+-------+-------+-------++-------
  Melee: Short sword       |     3 |       |       |       |       ||     3
   Fire: Sling             |    20 |   185 |   182 |    32 |       ||   419
         Longbow           |       |       |       |   287 |       ||   287
         Arbalest          |       |       |       |    84 |    25 ||   109
   Cast: Magic Dart        |    49 |    17 |       |       |       ||    66
         Searing Ray       |     3 |    10 |     7 |     1 |       ||    21
         Iskenderun's Myst |       |     3 |    69 |   113 |    15 ||   200
         Dispel Undead     |       |       |       |     2 |       ||     2
 Invoke: Slouch            |       |       |       |     1 |       ||     1
  Evoke: Wand              |       |       |     3 |    18 |     1 ||    22
    Use: Scroll            |       |    10 |     7 |    12 |     1 ||    30
         Potion            |       |     1 |     1 |     4 |       ||     6
 Armour: Robe              |     2 |    17 |    24 |       |       ||    43
         Leather armour    |       |       |    14 |    17 |       ||    31
         Acid dragon scale |       |       |       |    46 |    10 ||    56
  Dodge: Dodged            |     7 |    45 |   111 |    92 |    23 ||   278

Table legend: (Time is in decaauts)
 A = Elapsed time spent in this place.
 B = Non-inter-level travel time spent in this place.
 C = Inter-level travel time spent in this place.
 D = Time resting spent in this place.
 E = Time spent auto-exploring this place.
 F = Levels seen in this place.
 G = Mean time per level.
                   A        B        C        D        E       F      G
               +--------+--------+--------+--------+--------+-----+--------+
         Total |  23018 |  21907 |   1111 |   5857 |  12740 |  17 | 1354.0 |
       Dungeon |  19351 |  18332 |   1019 |   4794 |  10777 |  13 | 1488.5 |
        Temple |    387 |    307 |     80 |      0 |    294 |   1 |  387.0 |
          Lair |   2430 |   2420 |     10 |    724 |   1331 |   2 | 1215.0 |
        Bailey |    848 |    848 |      0 |    339 |    338 |   1 |  848.0 |
               +--------+--------+--------+--------+--------+-----+--------+

Top non-repeatable levels by time:
    D:11: 2546 daAuts
    D:12: 2489 daAuts
    D:10: 2473 daAuts
     D:7: 2239 daAuts
     D:5: 1970 daAuts
     D:4: 1555 daAuts
     D:6: 1362 daAuts
     D:9: 1360 daAuts
  Lair:1: 1321 daAuts
  Lair:2: 1109 daAuts
     D:3: 1065 daAuts
     D:2: 1043 daAuts
     D:1: 900 daAuts
  Bailey: 848 daAuts
  Temple: 387 daAuts
